 Dungeon Crawl Stone Soup version 0.17-a0-1123-g6d3914c (webtiles) character file.

5259 Chiseanne the Nimble (level 10, -3/132 HPs)
             Began as a Mottled Draconian Wanderer on May 23, 2015.
             Was an Initiate of Gozag.
             Killed from afar by a gargoyle (8 damage)
             ... with a stone arrow
             ... in a labyrinth.
             The game lasted 00:33:07 (10579 turns).

Chiseanne the Nimble (Mottled Draconian Wanderer)  Turns: 10579, Time: 00:33:08

Health: -3/132     AC: 28    Str: 15    XL:     10   Next: 36%
Magic:  17/17      EV:  2    Int: 16    God:    Gozag
Gold:   531        SH:  0    Dex: 12    Spells: 2 memorised, 14 levels left

rFire  . . .     SeeInvis .     s - +2 flail (holy)
rCold  . . .     Clarity  .     (armour unavailable)
rNeg   + + +     SustAt   .     (no shield)
rPois  +         Gourm    .     (helmet currently unavailable)
rElec  .         Spirit   .     (cloak currently unavailable)
rCorr  .         Warding  .     (gloves currently unavailable)
rMut   .         NoTele   +     (boots currently unavailable)
MR     .....                    (no amulet)
Stlth  ++........               p - +3 ring of protection
                                i - +2 ring of intelligence

@: short of breath, tree-form, not resistant to hostile enchantments, unstealthy
A: (breathe sticky flame splash), unfitting armour, (cold-blooded), AC +7
a: Potion Petition, Call Merchant, Bribe Branch, Renounce Religion


You were in a labyrinth.
You worshipped Gozag.
Gozag was noncommittal.
You were not hungry.
You were a tree.
You visited 2 branches of the dungeon, and saw 10 of its levels.
You also visited: Labyrinth.

You collected 1318 gold pieces.
You spent 723 gold pieces at shops.
You paid 64 gold pieces to Gozag.

Inventory:

Hand weapons
 a - a +2 whip of flaming
 e - a +2 hand crossbow
 s - a +2 flail of holy wrath (weapon)
 w - a +0 blowgun
 A - a +0 dagger of pain
Missiles
 f - 6 silver sling bullets
 j - 97 arrows
 k - 28 bolts
 n - 6 bolts of penetration
 q - 6 curare-tipped needles
 u - 52 sling bullets
 G - 11 tomahawks (quivered)
Armour
 y - the -2 hat of the Alchemist (melded) {rElec rPois rF+ rC+ rN+ MR+ rMut rCorr}
   (You bought it in a shop on level 7 of the Dungeon)

   It protects you from fire.
   It protects you from cold.
   It insulates you from electricity.
   It protects you from poison.
   It protects you from negative energy.
   It affects your resistance to hostile enchantments.
   It protects you from acid and corrosion.
   It protects you from mutation.
 B - a +2 cloak (melded)
Jewellery
 i - a +2 ring of intelligence (left branch)
 p - a +3 ring of protection (right branch)
 t - an uncursed ring of invisibility
 x - a +4 ring of intelligence
 C - an uncursed ring of protection from cold {unknown}
Magical devices
 g - a wand of random effects (20)
 o - a wand of confusion (19)
 E - a wand of flame (35)
Scrolls
 l - 2 scrolls of teleportation
 r - 2 scrolls of recharging
 F - 2 scrolls of identify
Potions
 h - a potion of ambrosia {unknown}
 m - a potion of magic
 v - a potion of might
 H - a potion of invisibility
 J - a potion of flight
Books
 c - Hozof's Grimoire of Weightlessness

   Spells                             Type                      Level
   a - Shock                          Conjuration/Air              1
   b - Repel Missiles                 Charms/Air                   2
 d - the Almanac of Clay

   Spells                             Type                      Level
   a - Sandblast                      Earth                        1
   b - Stoneskin                      Transmutation/Earth          2
 z - a book of Cantrips

   Spells                             Type                      Level
   a - Corona                         Hexes                        1
   b - Animate Skeleton               Necromancy                   1
   c - Summon Small Mammal            Summoning                    1
   d - Apportation                    Translocation                1
 K - a book of Hinderance

   Spells                             Type                      Level
   a - Confusing Touch                Hexes                        2
   b - Confuse                        Hexes                        3
   c - Gell's Gravitas                Hexes/Translocation          3
   d - Petrify                        Transmutation/Earth          4
   e - Metabolic Englaciation         Hexes/Ice                    5
Comestibles
 D - a meat ration


   Skills:
 * Level 8.0 Fighting
 - Level 1.7 Crossbows
 * Level 11.0 Dodging
 - Level 1.0 Stealth
   Level 1.0 Shields
 * Level 4.8 Spellcasting
 - Level 1.0 Earth Magic
 * Level 4.3 Evocations


You had 14 spell levels left.
You knew the following spells:

 Your Spells              Type           Power        Failure   Level  Hunger
a - Stoneskin             Trmt/Erth      #.......     21%         2    ##.....
b - Repel Missiles        Chrm/Air       #.....       24%         2    ##.....


Dungeon Overview and Level Annotations

Branches:
Dungeon (11/15)            Temple (1/1) D:4
   Lair: D:8-11         Orc: D:9-12

Altars:
Ashenzari
Cheibriados
Dithmenos
Elyvilon
Fedhas
Gozag
Kikubaaqudgha
Makhleb
Nemelex Xobeh
Okawaru
Qazlal
Ru
Sif Muna
Trog
Vehumet
Xom
Yredelemnul
Zin
The Shining One

Shops:
D:7 [


Innate Abilities, Weirdness & Mutations

((You can spit globs of burning liquid.))
((You can ignite nearby creatures when you spit burning liquid.))
((Your weird mottled scales are hard (AC +7).))
Your body does not fit into most forms of armour.
((You are cold-blooded and may be slowed by cold attacks.))


Message History

The gargoyle is severely damaged.
The gargoyle is covered in liquid flames!
You feel somewhat more hungry.
The gargoyle burns!
The gargoyle hits you with a mace!
* * * LOW HITPOINT WARNING * * *
The gargoyle burns!
Drink which item? (? for menu, Esc to quit)
You turn into a tree.
Your +2 cloak melds into your body.
The -2 hat of the Alchemist {rElec rPois rF+ rC+ rN+ MR+ rMut rCorr} melds into your body.
Your roots penetrate the ground.
The gargoyle burns!
You hit the gargoyle but do no damage.
The gargoyle is almost destroyed.
The gargoyle burns!
The gargoyle stops burning.
The gargoyle hits you but does no damage.
You barely miss the gargoyle.
The gargoyle is almost destroyed.
The gargoyle hurls a stone arrow at you.
Helpless, you fail to dodge the stone arrow.
You die...
Your body crumbles into a pile of gold.

▓ ## .
▓...
.#.## #
###..#/..
. #.$...#
. 9
##.... ▓
#.#...# #
▓.#####.#
▓ #9.((.#
.#♣### #
▓...#
▓.### ▓..
▓ ## $


You could see a gargoyle.

Vanquished Creatures
  Pikel (D:4)
  Joseph (D:7)
  A gargoyle (Lab)
  Grinder (D:5)
  2 wolves (D:8)
  A two-headed ogre (D:8)
  A troll (D:11)
  A human (D:5)
  A trapdoor spider (D:11)
  Grum (D:8)
  2 hungry ghosts (D:7)
  2 orc warriors
  A black bear (D:6)
  A sky beast (D:8)
  An ice beast (D:8)
  3 centaurs
  A big kobold (D:8)
  5 giant frogs
  A gnoll sergeant (D:7)
  A scorpion (D:4)
  A water moccasin zombie (D:8)
  3 crimson imps
  2 orc priests
  A human zombie (D:5)
  7 hounds
  A centaur skeleton (D:5)
  2 jellies
  A giant frog skeleton (D:8)
  An iguana (D:3)
  4 worker ants
  A hound zombie (D:5)
  2 hound skeletons
  12 gnolls
  A shadow imp (D:5)
  12 adders
  3 oozes
  An adder skeleton (D:7)
  2 adder zombies
  8 giant geckos
  15 orcs
  A ball python (D:3)
  A bat skeleton (D:8)
  A bat zombie (D:3)
  19 goblins
  20 hobgoblins
  21 jackals
  7 quokkas
  10 bats
  7 giant cockroaches
  A giant gecko skeleton (D:5)
  2 giant newts
  A jackal skeleton (D:4)
  A jackal zombie (D:5)
  12 kobolds
  10 rats
  4 butterflies (D:4)
227 creatures vanquished.

Vanquished Creatures (collateral kills)
  An ugly thing (D:11)
  A trapdoor spider zombie (D:11)
2 creatures vanquished.

Vanquished Creatures (others)
  A wolf (D:8)
  4 slaves (D:4)
  3 worker ants
  A hound (D:4)
  2 jackals (D:7)
  A goblin (D:4)
12 creatures vanquished.

Grand Total: 241 creatures vanquished

Notes
Turn   | Place    | Note
--------------------------------------------------------------
     0 | D:1      | Chiseanne the Draconian Wanderer began the quest for the Orb.
     0 | D:1      | Chiseanne set off with: a +2 hand crossbow, 23 bolts, Hozof's Grimoire of Weightlessness, the Almanac of Clay, a bread ration
     0 | D:1      | Reached XP level 1. HP: 19/19 MP: 3/3
     0 | D:1      | Identified Hozof's Grimoire of Weightlessness
     0 | D:1      | Identified the Almanac of Clay
   197 | D:1      | Reached XP level 2. HP: 20/27 MP: 5/5
   319 | D:1      | Learned a level 2 spell: Stoneskin
   322 | D:1      | Learned a level 2 spell: Repel Missiles
   355 | D:1      | Reached skill level 4 in Fighting
   810 | D:2      | Reached XP level 3. HP: 21/34 MP: 6/6
  1372 | D:2      | Reached skill level 1 in Dodging
  1616 | D:2      | Reached XP level 4. HP: 39/41 MP: 7/7
  1824 | D:2      | Found a shattered altar of Ashenzari.
  2636 | D:3      | Reached skill level 5 in Fighting
  2636 | D:3      | Reached XP level 5. HP: 34/48 MP: 8/8
  3224 | D:4      | Noticed a slave
  3225 | D:4      | Noticed Pikel
  3225 | D:4      | Noticed a slave
  3226 | D:4      | Noticed a slave
  3228 | D:4      | Noticed a slave
  3281 | D:4      | Killed Pikel
  3281 | D:4      | Reached skill level 5 in Dodging
  3281 | D:4      | Reached skill level 1 in Evocations
  3281 | D:4      | Reached XP level 6. HP: 37/57 MP: 8/10
  3281 | D:4      | Your scales start taking on a weird mottled colour.
  3281 | D:4      | Reached XP level 7. HP: 40/62 MP: 8/11
  3287 | D:4      | Killed a freed slave
  3526 | D:4      | Killed a freed slave
  3571 | D:4      | Killed a freed slave
  3925 | D:4      | Found a staircase to the Ecumenical Temple.
  3932 | D:4      | Reached skill level 6 in Fighting
  3952 | Temple   | Entered the Ecumenical Temple
  4063 | Temple   | Became a worshipper of Gozag Ym Sagoz the Greedy
  4116 | D:4      | Found an iron altar of Okawaru.
  4116 | D:4      | Found a bloodstained altar of Trog.
  4117 | D:4      | Found an ancient bone altar of Kikubaaqudgha.
  4303 | D:4      | Killed a freed slave
  4877 | D:4      | Found a shimmering altar of Xom.
  4976 | D:5      | Entered Level 5 of the Dungeon
  5018 | D:5      | Found a radiant altar of Vehumet.
  5257 | D:5      | Reached XP level 8. HP: 59/71 MP: 12/12
  5794 | D:5      | Found a radiant altar of Vehumet.
  5800 | D:5      | Noticed Grinder
  5819 | D:5      | Killed Grinder
  5885 | D:5      | Found a shadowy altar of Dithmenos.
  6028 | D:5      | Reached skill level 7 in Dodging
  6110 | D:5      | Found a runed door.
  6110 | D:5      | Noticed a human
  6131 | D:5      | Found a basalt altar of Yredelemnul.
  6176 | D:5      | Killed a human
  6908 | D:6      | Reached skill level 8 in Dodging
  6918 | D:6      | Reached XP level 9. HP: 55/79 MP: 14/14
  7719 | D:7      | Noticed Joseph
  7720 | D:7      | Found Quptil's Armour Shoppe.
  7751 | D:7      | Killed Joseph
  7751 | D:7      | Reached skill level 9 in Dodging
  7944 | D:7      | Bought the -2 hat of the Alchemist {rElec rPois rF+ rC+ rN+ MR+ rMut rCorr} for 660 gold pieces
  7944 | D:7      | Bought a +0 cloak for 63 gold pieces
  8544 | D:7      | Found a stormy altar of Qazlal.
  9338 | D:8      | Noticed Grum
  9501 | D:8      | Reached skill level 10 in Dodging
  9503 | D:8      | Killed Grum
  9734 | D:8      | Reached XP level 10. HP: 82/88 MP: 16/16
 10085 | D:8      | You fall through a shaft for 3 floors!
 10133 | D:11     | Noticed a purple ugly thing
 10145 | D:11     | Killed a red ugly thing
 10500 | D:11     | Found a labyrinth entrance.
 10509 | Lab      | Entered a labyrinth
 10558 | Lab      | Reached skill level 11 in Dodging
 10575 | Lab      | HP: 3/88 [gargoyle/mace (8)]
 10579 | Lab      | Killed from afar by a gargoyle

Vault maps used:
D:1:      erik_arrival_gehennom
D:2:      nicolae_ashenzari_panopticon, first_bread
D:4:      nicolae_overflow_hidden_temple, gammafunk_temple_overflow_forgotten,
          minmay_temple_entry_butterflies, uniq_pikel
D:5:      vehumet_crystals, hangedman_abyss_or_decor_stagger,
          minmay_misc_feat_plants, hangedman_feature_mirror,
          dk_yredelemnul_ordeal, uniq_grinder
D:6:      sigmund_army
D:7:      serial_shops, kennysheep_mini_moat, grunt_qazlal_clouds, uniq_joseph
D:8:      basic_altar, uniq_grum
D:11:     lab_entry_generic, grunt_livestock
Temple:   circular_temple_12
Lab:      labyrinth_hidden_loot, nicolae_lab_blocks, nicolae_lab_t_cross,
          nicolae_lab_swirl, labyrinth_skeletal_remains, nicolae_lab_plus,
          nicolae_lab_quarters, nicolae_lab_arrow, nicolae_lab_diamond

Action                   |  1- 3 |  4- 6 |  7- 9 | 10-12 || total
-------------------------+-------+-------+-------+-------++-------
Melee: Short sword       |   135 |   188 |     2 |       ||   325
       Whip              |       |       |   571 |    93 ||   664
       Flail             |       |       |     6 |    12 ||    18
 Fire: Hand crossbow     |     5 |    34 |    28 |     5 ||    72
       Blowgun           |       |       |    13 |     5 ||    18
Throw: Tomahawk          |       |       |     4 |       ||     4
 Cast: Stoneskin         |       |     1 |       |       ||     1
Invok: Potion Petition   |       |       |     1 |       ||     1
 Abil: Breathe Sticky Fl |       |       |    19 |     5 ||    24
Evoke: Wand              |       |       |     8 |       ||     8
  Use: Scroll            |     3 |     3 |    12 |     5 ||    23
       Potion            |       |     4 |     5 |     4 ||    13
 Stab: Sleeping          |     3 |     1 |     2 |       ||     6
       Invisible         |       |       |     3 |       ||     3
  Eat: Chunk             |     2 |     6 |     3 |       ||    11
       Beef jerky        |       |       |     2 |       ||     2
       Royal jelly       |       |       |     1 |       ||     1
       Bread ration      |       |       |     3 |       ||     3
       Meat ration       |       |       |     1 |     1 ||     2
